Chicoutimi Sagueneens vs Las Vegas Wranglers

Created - 19 novembre 2019 at 18:06

Goals
1 2 3 OT1 T
Chicoutimi Sagueneens 1 2 0 1 4
Las Vegas Wranglers 1 1 1 0 3
Shots
1 2 3 OT1 T
Chicoutimi Sagueneens 10 10 10 2 32
Las Vegas Wranglers 13 17 5 1 36

1st period

1. Las Vegas Wranglers , Zack MacEwen 16 (Tage Thompson 25, Drew Stafford 7) at 11:32
2. Chicoutimi Sagueneens , Laurent Dauphin 4 (Rocco Grimaldi 4) at 13:00

Penalties :
Jeff Taylor (SAG) for Elbowing (Minor) at 8:53

2nd period

3. Chicoutimi Sagueneens , Spencer Foo 7 (Dylan Gambrell 9, Mike Vecchione 5) at 2:22 (PP)
4. Las Vegas Wranglers , Glenn Gawdin 7 (Zac Rinaldo 6, Nikita Soshnikov 9) at 4:01
5. Chicoutimi Sagueneens , Spencer Foo 8 (Dylan Gambrell 10, Mike Vecchione 6) at 7:11

Penalties :
Glenn Gawdin (WRA) for High sticking (Minor) at 0:27, Mike Vecchione (SAG) for High sticking (Minor) at 12:26

3rd period

6. Las Vegas Wranglers , Taro Hirose 8 (Jimmy Hayes 7, Mikhail Berdin) at 9:18 (PP)

Penalties :
Mike Vecchione (SAG) for Hooking (Minor) at 8:41, Justin Auger (WRA) for Fighting (Major) at 13:06, Jeff Taylor (SAG) for Fighting (Major) at 13:06, Dillon Heatherington (WRA) for Holding (Minor) at 15:14

Overtime #1

7. Chicoutimi Sagueneens , Rocco Grimaldi 10 (Libor Hajek 2) at 4:56

Penalties :
No Penalty

Goalie Stats

Anthony Stolarz (SAG), 33 saves from 36 shots - (0,917), W, 2-2-0, 64:56 minutes
Mikhail Berdin (WRA), 28 saves from 32 shots - (0,875), OTL, 6-3-1, 64:56 minutes

Players Stats for Chicoutimi Sagueneens

Player Name              G  A  P  +/- PIM S  H  SB GA TA FO     MP     PP MP  PK MP  
------------------------------------------------------------------------------------
Aleksi Saarela           0  0  0  -1  0   1  1  2  3  1  14/32  25:40   1:23   2:37 
Alex Lintuniemi          0  0  0   0  0   1  2  3  0  1  0/0    31:38   2:54   3:01 
Clark Bishop             0  0  0   1  0   0  1  0  0  0  0/0     4:09   0:00   0:00 
Corey Tropp              0  0  0   0  0   0  2  0  0  0  0/0     6:38   0:00   0:00 
Dylan Gambrell           0  2  2   1  0   6  3  1  0  4  5/9    20:30   2:31   1:26 
Jacob Nilsson            0  0  0  -1  0   2  0  0  0  1  0/0    21:06   1:00   1:34 
Jakub Zboril             0  0  0   0  0   1  2  1  0  0  0/0    31:40   2:54   3:01 
Jeff Taylor              0  0  0   1  7   0  2  1  0  0  0/0    12:53   0:00   0:00 
Jonathan Racine          0  0  0   2  0   0  2  0  0  1  0/0    12:26   0:00   0:00 
Josh Jooris              0  0  0   0  0   0  1  0  0  0  0/0    14:39   0:00   0:00 
Laurent Dauphin          1  0  1   0  0   4  2  0  0  0  0/0    16:02   0:00   0:44 
Libor Hajek              0  1  1  -1  0   2  4  1  0  0  0/0    20:47   1:00   1:34 
Maxim Letunov            0  0  0   0  0   0  0  0  0  0  1/2     6:24   0:00   0:00 
Miikka Salomaki          0  0  0   0  0   5  4  1  0  0  0/1    18:33   1:23   1:26 
Mike Vecchione           0  2  2   1  4   2  2  0  0  0  0/0    17:57   2:31   0:00 
Rocco Grimaldi           1  1  2   1  0   2  0  0  1  0  1/3    17:02   0:00   0:26 
Scott Wilson             0  0  0  -1  0   2  0  2  0  1  0/0    20:01   1:23   2:31 
Spencer Foo              2  0  2   1  0   4  2  0  0  0  1/1    17:00   2:31   0:00 

Players Stats for Las Vegas Wranglers

Player Name              G  A  P  +/- PIM S  H  SB GA TA FO     MP     PP MP  PK MP  
------------------------------------------------------------------------------------
Adam Clendening          0  0  0   1  0   0  0  0  0  0  0/0     5:30   0:00   0:22 
Chris Casto              0  0  0   0  0   1  2  1  1  0  0/0    23:33   2:36   2:06 
Dillon Heatherington     0  0  0   0  2   1  3  2  0  1  0/0    27:05   1:59   0:44 
Drew Stafford            0  1  1   0  0   6  0  0  1  0  4/6    24:14   2:40   1:55 
Glenn Gawdin             1  0  1   0  2   2  1  1  0  0  2/2    12:17   0:03   0:00 
Jimmy Hayes              0  1  1   0  0   0  2  1  0  0  0/0    16:52   1:52   0:00 
Joel Hanley              0  0  0   0  0   0  0  2  0  0  0/0    23:39   2:36   2:06 
Justin Auger             0  0  0   0  5   0  0  0  0  0  0/0     7:07   0:00   0:00 
Kevin Davis              0  0  0  -1  0   0  0  0  0  0  0/0    13:39   0:00   0:22 
Klim Kostin              0  0  0   0  0   2  0  0  0  0  0/0     7:28   0:00   0:00 
Nikita Soshnikov         0  1  1   0  0   2  1  0  0  0  0/0    13:04   0:03   1:03 
Paul Ladue               0  0  0  -1  0   1  0  0  0  0  0/0    24:10   1:59   1:26 
Peter Stoykewych         0  0  0  -1  0   0  0  1  1  0  0/0    12:37   0:00   0:42 
Tage Thompson            0  1  1   0  0   6  1  1  3  1  0/2    22:20   2:40   0:42 
Tanner Kero              0  0  0   0  0   5  2  0  0  1  8/15   19:02   1:52   0:42 
Taro Hirose              1  0  1   0  0   4  0  1  0  1  0/0    16:55   1:52   0:00 
Vladislav Kamenev        0  0  0  -1  0   2  1  0  0  0  1/2    10:40   0:00   1:30 
Zac Rinaldo              0  1  1   0  0   1  0  0  0  0  0/0    10:15   0:00   0:00 
Zack MacEwen             1  0  1  -1  0   3  2  0  3  0  11/21  25:20   2:43   1:56 

3 Stars

1 - Spencer Foo (SAG)
2 - Rocco Grimaldi (SAG)
3 - Dylan Gambrell (SAG)

Power Play

Chicoutimi Sagueneens - 1 on 2 Attempt(s) - 50,00%
Las Vegas Wranglers - 1 on 3 Attempt(s) - 33,33%

Penalty Kill

Chicoutimi Sagueneens - 2 on 3 Attempt(s) - 66,67% - Score 0 goal in Penalty Kill
Las Vegas Wranglers - 1 on 2 Attempt(s) - 50,00% - Score 0 goal in Penalty Kill

Team Stat

Chicoutimi Sagueneens - Hits : 30 - Faceoff Wins : 22 - Blocked Shots : 12 - Penalty Minutes : 11
Las Vegas Wranglers - Hits : 15 - Faceoff Wins : 26 - Blocked Shots : 10 - Penalty Minutes : 9

Official

Referees : Jean Hebert and Jacob Brenk
Linesman : Andy McElman and Pierre Racicot

Game Notes

Justin Auger beats up Jeff Taylor at 13:06 of 3rd period

Finance

Level 1 -- Attendance: 1645 (82,25%) -- Ticket Income 57 575 $
Level 2 -- Attendance: 844 (84,40%) -- Ticket Income 12 660 $
Total Attendance: 2489 (82,97%)
Total Ticket Income: 70 235 $
Other Income: 34 415 $
Total Income: 104 650 $

Chicoutimi Sagueneens

5 vs 5 Forward 
   Center                   Left Wing                Right Wing               Time % Phy DF OF 
 1 Aleksi Saarela           Scott Wilson             Miikka Salomaki          40     1   2  2  
 2 Dylan Gambrell           Spencer Foo              Mike Vecchione           30     1   2  2  
 3 Rocco Grimaldi           Laurent Dauphin          Josh Jooris              20     1   2  2  
 4 Maxim Letunov            Corey Tropp              Aleksi Saarela           10     1   2  2  

5 vs 5 Defense 
   Defense                  Defense                                           Time % Phy DF OF 
 1 Alex Lintuniemi          Jakub Zboril                                      40     1   2  2  
 2 Jacob Nilsson            Libor Hajek                                       30     1   2  2  
 3 Jeff Taylor              Jonathan Racine                                   20     1   2  2  
 4 Alex Lintuniemi          Jakub Zboril                                      10     1   2  2  

PowerPlay Forward 
   Center                   Left Wing                Right Wing               Time % Phy DF OF 
 1 Aleksi Saarela           Scott Wilson             Miikka Salomaki          60     1   2  2  
 2 Dylan Gambrell           Spencer Foo              Mike Vecchione           40     1   2  2  

PowerPlay Defense
   Defense                  Defense                                           Time % Phy DF OF 
 1 Alex Lintuniemi          Jakub Zboril                                      60     1   2  2  
 2 Jacob Nilsson            Libor Hajek                                       40     1   2  2  

Penalty Kill 4 Players Forward 
   Center                   Wing                     Time % Phy DF OF 
 1 Aleksi Saarela           Scott Wilson             60     1   2  2  
 2 Dylan Gambrell           Miikka Salomaki          40     1   2  2  

Penalty Kill 4 Players Defense
   Defense                  Defense                  Time % Phy DF OF 
 1 Alex Lintuniemi          Jakub Zboril             60     1   2  2  
 2 Jacob Nilsson            Libor Hajek              40     1   2  2  

Penalty Kill - 3 Players Forward 
   Forward                                           Time % Phy DF OF 
 1 Aleksi Saarela                                    60     1   2  2  
 2 Scott Wilson                                      40     1   2  2  

Penalty Kill - 3 Players Defense
   Defense                  Defense                  Time % Phy DF OF 
 1 Alex Lintuniemi          Jakub Zboril             60     1   2  2  
 2 Jacob Nilsson            Libor Hajek              40     1   2  2  

4 vs 4 Forward 
   Center                   Wing                     Time % Phy DF OF 
 1 Aleksi Saarela           Scott Wilson             60     1   2  2  
 2 Dylan Gambrell           Miikka Salomaki          40     1   2  2  

4 vs 4 Defense
   Defense                  Defense                  Time % Phy DF OF 
 1 Alex Lintuniemi          Jakub Zboril             60     1   2  2  
 2 Jacob Nilsson            Libor Hajek              40     1   2  2  

Last Minutes Offensive
   Center                   Left Wing                Right Wing               Defense                  Defense                  
   Aleksi Saarela           Scott Wilson             Miikka Salomaki          Alex Lintuniemi          Jakub Zboril             

Last Minutes Defensive
   Center                   Left Wing                Right Wing               Defense                  Defense                  
   Aleksi Saarela           Scott Wilson             Miikka Salomaki          Alex Lintuniemi          Jakub Zboril             

Goaltenders
Starting : Anthony Stolarz          
Backup : Marcus Hogberg           

Extra Forwards
Normal : Clark Bishop, Rocco Grimaldi, Laurent Dauphin - PP : Clark Bishop, Rocco Grimaldi - PK : Laurent Dauphin
Extra Defensemen
Normal : Jeff Taylor, Jonathan Racine, Jacob Nilsson - PP : Jeff Taylor - PK : Jonathan Racine, Jacob Nilsson
Penalty Shots
Aleksi Saarela, Scott Wilson, Dylan Gambrell, Miikka Salomaki, Spencer Foo

Scratches
Dylan Sikura (Healthy), Samuel Laberge (Healthy), Jonathan Ang (Healthy), Ludwig Bystrom (Healthy), Nolan Stevens (Healthy)
Bokondji Imama (Healthy), Braden Christoffer (Healthy), Zach Frye (Healthy), Pascal Laberge (Healthy), Aaron Dell (Healthy)
Ville Husso (Healthy), Adin Hill (Healthy)

Las Vegas Wranglers

5 vs 5 Forward 
   Center                   Left Wing                Right Wing               Time % Phy DF OF 
 1 Zack MacEwen             Drew Stafford            Tage Thompson            40     1   2  2  
 2 Tanner Kero              Taro Hirose              Jimmy Hayes              30     1   2  2  
 3 Glenn Gawdin             Nikita Soshnikov         Zac Rinaldo              20     1   2  2  
 4 Vladislav Kamenev        Klim Kostin              Justin Auger             10     1   2  2  

5 vs 5 Defense 
   Defense                  Defense                                           Time % Phy DF OF 
 1 Dillon Heatherington     Paul Ladue                                        40     1   2  2  
 2 Joel Hanley              Chris Casto                                       30     1   2  2  
 3 Kevin Davis              Peter Stoykewych                                  20     1   2  2  
 4 Adam Clendening          Dillon Heatherington                              10     1   2  2  

PowerPlay Forward 
   Center                   Left Wing                Right Wing               Time % Phy DF OF 
 1 Zack MacEwen             Drew Stafford            Tage Thompson            60     1   2  2  
 2 Tanner Kero              Taro Hirose              Jimmy Hayes              40     1   2  2  

PowerPlay Defense
   Defense                  Defense                                           Time % Phy DF OF 
 1 Dillon Heatherington     Paul Ladue                                        60     1   2  2  
 2 Joel Hanley              Chris Casto                                       40     1   2  2  

Penalty Kill 4 Players Forward 
   Center                   Wing                     Time % Phy DF OF 
 1 Drew Stafford            Zack MacEwen             60     1   2  2  
 2 Tanner Kero              Tage Thompson            40     1   2  2  

Penalty Kill 4 Players Defense
   Defense                  Defense                  Time % Phy DF OF 
 1 Dillon Heatherington     Paul Ladue               60     1   2  2  
 2 Joel Hanley              Chris Casto              40     1   2  2  

Penalty Kill - 3 Players Forward 
   Forward                                           Time % Phy DF OF 
 1 Drew Stafford                                     60     1   2  2  
 2 Zack MacEwen                                      40     1   2  2  

Penalty Kill - 3 Players Defense
   Defense                  Defense                  Time % Phy DF OF 
 1 Dillon Heatherington     Paul Ladue               60     1   2  2  
 2 Joel Hanley              Chris Casto              40     1   2  2  

4 vs 4 Forward 
   Center                   Wing                     Time % Phy DF OF 
 1 Drew Stafford            Zack MacEwen             60     1   2  2  
 2 Tanner Kero              Tage Thompson            40     1   2  2  

4 vs 4 Defense
   Defense                  Defense                  Time % Phy DF OF 
 1 Dillon Heatherington     Paul Ladue               60     1   2  2  
 2 Joel Hanley              Chris Casto              40     1   2  2  

Last Minutes Offensive
   Center                   Left Wing                Right Wing               Defense                  Defense                  
   Zack MacEwen             Drew Stafford            Tage Thompson            Dillon Heatherington     Paul Ladue               

Last Minutes Defensive
   Center                   Left Wing                Right Wing               Defense                  Defense                  
   Zack MacEwen             Drew Stafford            Tage Thompson            Dillon Heatherington     Paul Ladue               

Goaltenders
Starting : Mikhail Berdin           
Backup : Jared Coreau             

Extra Forwards
Normal : Glenn Gawdin, Nikita Soshnikov, Vladislav Kamenev - PP : Glenn Gawdin, Nikita Soshnikov - PK : Vladislav Kamenev
Extra Defensemen
Normal : Kevin Davis, Peter Stoykewych, Adam Clendening - PP : Kevin Davis - PK : Peter Stoykewych, Adam Clendening
Penalty Shots
Drew Stafford, Zack MacEwen, Tanner Kero, Tage Thompson, Jimmy Hayes

Scratches
Joey Anderson (Healthy), Christian Jaros (Healthy), Wacey Hamilton (Healthy), Emerson Etem (Healthy), Otto Somppi (Healthy)
Colton Point (Healthy), Ryan Faragher (Healthy)

% Time on Ice - Chicoutimi Sagueneens

Lines # - Real PCT - Wanted PCT - Time Play
Normal Forward
1 - 28% - 40% - 14:29
2 - 31% - 30% - 16:13
3 - 28% - 20% - 14:25
4 - 12% - 10% - 6:24
Normal Defense
1 - 39% - 40% - 20:02
2 - 31% - 30% - 16:10
3 - 24% - 20% - 12:26
4 - 6% - 10% - 2:53
PP Forward
1 - 35% - 60% - 1:23
2 - 65% - 40% - 2:31
PP Defense
1 - 74% - 60% - 2:54
2 - 26% - 40% - 1:00
PK Forward
1 - 69% - 60% - 3:09
2 - 31% - 40% - 1:26
PK Defense
1 - 66% - 60% - 3:01
2 - 34% - 40% - 1:34
PK3 Forward
1 - 0% - 60%
2 - 0% - 40%
PK3 Defense
1 - 0% - 60%
2 - 0% - 40%
44 Forward
1 - 72% - 60% - 3:33
2 - 28% - 40% - 1:23
44 Defense
1 - 57% - 60% - 2:50
2 - 43% - 40% - 2:06
Last Minute Offensive  - 0:00
Last Minute Defensive  - 0:00
Total
Forward - 64:56
Defense - 64:56

% Time on Ice - Las Vegas Wranglers

Lines # - Real PCT - Wanted PCT - Time Play
Normal Forward
1 - 36% - 40% - 18:39
2 - 29% - 30% - 15:09
3 - 20% - 20% - 10:15
4 - 14% - 10% - 7:28
Normal Defense
1 - 37% - 40% - 19:07
2 - 32% - 30% - 16:14
3 - 23% - 20% - 11:55
4 - 8% - 10% - 4:15
PP Forward
1 - 59% - 60% - 2:43
2 - 41% - 40% - 1:52
PP Defense
1 - 43% - 60% - 1:59
2 - 57% - 40% - 2:36
PK Forward
1 - 82% - 60% - 3:12
2 - 18% - 40% - 0:42
PK Defense
1 - 46% - 60% - 1:48
2 - 54% - 40% - 2:06
PK3 Forward
1 - 0% - 60%
2 - 0% - 40%
PK3 Defense
1 - 0% - 60%
2 - 0% - 40%
44 Forward
1 - 77% - 60% - 3:47
2 - 23% - 40% - 1:09
44 Defense
1 - 47% - 60% - 2:19
2 - 53% - 40% - 2:37
Last Minute Offensive  - 0:00
Last Minute Defensive  - 0:00
Total
Forward - 64:56
Defense - 64:56

Play-by-Play

1st period


0:01 of 1st period - Zack MacEwen wins face-off versus Aleksi Saarela in neutral zone.
0:12 of 1st period - Backhand shot by Drew Stafford.
0:12 of 1st period - Stopped by Anthony Stolarz with a rebound.
0:14 of 1st period - Slapshot by Paul Ladue.
0:14 of 1st period - Stopped by Anthony Stolarz with a rebound.
0:26 of 1st period - Jimmy Hayes is hit by Dylan Gambrell and loses puck.
0:51 of 1st period - Snap shot by Laurent Dauphin.
0:51 of 1st period - Stopped by Mikhail Berdin without a rebound.
0:52 of 1st period - Vladislav Kamenev wins face-off versus Maxim Letunov in Las Vegas Wranglers zone.
1:17 of 1st period - Aleksi Saarela is hit by Jimmy Hayes and loses puck.
1:29 of 1st period - Snap shot by Aleksi Saarela.
1:29 of 1st period - Shot Misses the Net.
1:41 of 1st period - Jimmy Hayes is hit by Corey Tropp and loses puck.
1:58 of 1st period - Slapshot by Corey Tropp.
1:58 of 1st period - Deflect By Aleksi Saarela.
1:58 of 1st period - Shot Misses the Net.
1:58 of 1st period - Puck is out of play.
1:59 of 1st period - Dylan Gambrell wins face-off versus Tage Thompson in Las Vegas Wranglers zone.
2:00 of 1st period - Snap shot by Mike Vecchione.
2:00 of 1st period - Shot Misses the Net.
2:02 of 1st period - Snap shot by Jacob Nilsson.
2:02 of 1st period - Deflect By Dylan Gambrell.
2:02 of 1st period - Stopped by Mikhail Berdin with a rebound.
2:30 of 1st period - Snap shot by Rocco Grimaldi.
2:30 of 1st period - Shot Blocked by Dillon Heatherington.
2:48 of 1st period - Snap shot by Klim Kostin.
2:48 of 1st period - Stopped by Anthony Stolarz with a rebound.
3:30 of 1st period - Icing by Chris Casto.
3:31 of 1st period - Tanner Kero wins face-off versus Aleksi Saarela in Las Vegas Wranglers zone.
3:31 of 1st period - Tanner Kero is hit by Miikka Salomaki.
3:57 of 1st period - Jimmy Hayes is hit by Jonathan Racine and loses puck.
5:03 of 1st period - Jakub Zboril is hit by Vladislav Kamenev and loses puck.
5:26 of 1st period - Dillon Heatherington is hit by Alex Lintuniemi and loses puck.
5:53 of 1st period - Wrist shot by Rocco Grimaldi.
5:53 of 1st period - Stopped by Mikhail Berdin without a rebound.
5:54 of 1st period - Rocco Grimaldi wins face-off versus Zack MacEwen in Las Vegas Wranglers zone.
6:53 of 1st period - Slapshot by Vladislav Kamenev.
6:53 of 1st period - Deflect By Justin Auger.
6:53 of 1st period - Shot Blocked by Libor Hajek.
6:53 of 1st period - Puck is out of play.
6:54 of 1st period - Zack MacEwen wins face-off versus Dylan Gambrell in Chicoutimi Sagueneens zone.
8:05 of 1st period - Snap shot by Dylan Gambrell.
8:05 of 1st period - Stopped by Mikhail Berdin with a rebound.
8:07 of 1st period - Slapshot by Spencer Foo.
8:07 of 1st period - Shot Misses the Net.
8:09 of 1st period - Wrist shot by Dylan Gambrell.
8:09 of 1st period - Stopped by Mikhail Berdin without a rebound.
8:10 of 1st period - Zack MacEwen wins face-off versus Aleksi Saarela in Las Vegas Wranglers zone.
8:32 of 1st period - Slapshot by Drew Stafford.
8:32 of 1st period - Shot Blocked by Miikka Salomaki.
8:34 of 1st period - Slapshot by Joel Hanley.
8:34 of 1st period - Shot Misses the Net.
8:36 of 1st period - Snap shot by Drew Stafford.
8:36 of 1st period - Shot Blocked by Aleksi Saarela.
8:38 of 1st period - Snap shot by Zack MacEwen.
8:38 of 1st period - Shot Misses the Net.
8:40 of 1st period - Snap shot by Tage Thompson.
8:40 of 1st period - Stopped by Anthony Stolarz with a rebound.
8:42 of 1st period - Snap shot by Zack MacEwen.
8:42 of 1st period - Stopped by Anthony Stolarz with a rebound.
8:53 of 1st period - Minor Penalty to Jeff Taylor for Elbowing.
8:54 of 1st period - Aleksi Saarela wins face-off versus Tanner Kero in Chicoutimi Sagueneens zone.
9:21 of 1st period - Tage Thompson is hit by Alex Lintuniemi and loses puck.
10:53 of 1st period - Penalty to Jeff Taylor is over, Jeff Taylor is back on ice.
11:28 of 1st period - Wrist shot by Drew Stafford.
11:28 of 1st period - Shot Misses the Net.
11:30 of 1st period - Wrist shot by Tage Thompson.
11:30 of 1st period - Shot Blocked by Jeff Taylor.
11:32 of 1st period - Snap shot by Zack MacEwen.
11:32 of 1st period - Goal by Zack MacEwen - Chicoutimi Sagueneens : 0 - Las Vegas Wranglers : 1.
11:33 of 1st period - Tanner Kero wins face-off versus Dylan Gambrell in neutral zone.
12:42 of 1st period - Slapshot by Jimmy Hayes.
12:42 of 1st period - Shot Misses the Net.
13:00 of 1st period - Wrist shot by Laurent Dauphin.
13:00 of 1st period - Goal by Laurent Dauphin - Chicoutimi Sagueneens : 1 - Las Vegas Wranglers : 1.
13:01 of 1st period - Aleksi Saarela wins face-off versus Tage Thompson in neutral zone.
13:26 of 1st period - Jakub Zboril is hit by Chris Casto and loses puck.
14:21 of 1st period - Wrist shot by Dylan Gambrell.
14:21 of 1st period - Stopped by Mikhail Berdin with a rebound.
14:23 of 1st period - Slapshot by Libor Hajek.
14:23 of 1st period - Shot Blocked by Peter Stoykewych.
14:25 of 1st period - Slapshot by Libor Hajek.
14:25 of 1st period - Stopped by Mikhail Berdin with a rebound.
14:35 of 1st period - Slapshot by Dylan Gambrell.
14:35 of 1st period - Stopped by Mikhail Berdin without a rebound.
14:36 of 1st period - Tanner Kero wins face-off versus Aleksi Saarela in Las Vegas Wranglers zone.
14:41 of 1st period - Snap shot by Tanner Kero.
14:41 of 1st period - Stopped by Anthony Stolarz with a rebound.
14:49 of 1st period - Slapshot by Aleksi Saarela.
14:49 of 1st period - Stopped by Mikhail Berdin without a rebound.
14:50 of 1st period - Zack MacEwen wins face-off versus Aleksi Saarela in Las Vegas Wranglers zone.
15:01 of 1st period - Slapshot by Tage Thompson.
15:01 of 1st period - Stopped by Anthony Stolarz with a rebound.
15:03 of 1st period - Slapshot by Zack MacEwen.
15:03 of 1st period - Shot Blocked by Scott Wilson.
15:05 of 1st period - Slapshot by Dillon Heatherington.
15:05 of 1st period - Stopped by Anthony Stolarz with a rebound.
15:15 of 1st period - Dillon Heatherington is hit by Laurent Dauphin and loses puck.
15:20 of 1st period - Snap shot by Rocco Grimaldi.
15:20 of 1st period - Shot Misses the Net.
15:40 of 1st period - Snap shot by Glenn Gawdin.
15:40 of 1st period - Shot Misses the Net.
15:42 of 1st period - Wrist shot by Nikita Soshnikov.
15:42 of 1st period - Stopped by Anthony Stolarz without a rebound.
15:43 of 1st period - Zack MacEwen wins face-off versus Rocco Grimaldi in Chicoutimi Sagueneens zone.
15:50 of 1st period - Wrist shot by Tage Thompson.
15:50 of 1st period - Stopped by Anthony Stolarz without a rebound.
15:51 of 1st period - Zack MacEwen wins face-off versus Rocco Grimaldi in Chicoutimi Sagueneens zone.
16:02 of 1st period - Snap shot by Drew Stafford.
16:02 of 1st period - Stopped by Anthony Stolarz with a rebound.
17:15 of 1st period - Snap shot by Tage Thompson.
17:15 of 1st period - Stopped by Anthony Stolarz with a rebound.
19:20 of 1st period - Off-side.
19:21 of 1st period - Aleksi Saarela wins face-off versus Tanner Kero in neutral zone.
19:26 of 1st period - Wrist shot by Aleksi Saarela.
19:26 of 1st period - Shot Blocked by Taro Hirose.
19:28 of 1st period - Snap shot by Aleksi Saarela.
19:28 of 1st period - Shot Misses the Net.
19:30 of 1st period - Snap shot by Miikka Salomaki.
19:30 of 1st period - Shot Blocked by Jimmy Hayes.
19:46 of 1st period - Glenn Gawdin is hit by Spencer Foo and loses puck.
19:57 of 1st period - Snap shot by Glenn Gawdin.
19:57 of 1st period - Shot Misses the Net.
Goals for this period are 1 for Chicoutimi Sagueneens vs 1 for Las Vegas Wranglers.
Shots for this period are 10 for Chicoutimi Sagueneens vs 13 for Las Vegas Wranglers.

2nd period


0:01 of 2nd period - Tanner Kero wins face-off versus Aleksi Saarela in neutral zone.
0:27 of 2nd period - Minor Penalty to Glenn Gawdin for High sticking.
0:28 of 2nd period - Drew Stafford wins face-off versus Aleksi Saarela in Las Vegas Wranglers zone.
1:32 of 2nd period - Snap shot by Spencer Foo.
1:32 of 2nd period - Shot Misses the Net.
1:46 of 2nd period - Snap shot by Mike Vecchione.
1:46 of 2nd period - Shot Misses the Net.
1:48 of 2nd period - Snap shot by Spencer Foo.
1:48 of 2nd period - Shot Blocked by Chris Casto.
2:18 of 2nd period - Backhand shot by Dylan Gambrell.
2:18 of 2nd period - Stopped by Mikhail Berdin with a rebound.
2:20 of 2nd period - Snap shot by Spencer Foo.
2:20 of 2nd period - Shot Misses the Net.
2:22 of 2nd period - Snap shot by Spencer Foo.
2:22 of 2nd period - Goal by Spencer Foo - Chicoutimi Sagueneens : 2 - Las Vegas Wranglers : 1.
2:23 of 2nd period - Tanner Kero wins face-off versus Aleksi Saarela in neutral zone.
2:26 of 2nd period - Backhand shot by Tanner Kero.
2:26 of 2nd period - Stopped by Anthony Stolarz without a rebound.
2:27 of 2nd period - Aleksi Saarela wins face-off versus Tanner Kero in Chicoutimi Sagueneens zone.
2:37 of 2nd period - Wrist shot by Tanner Kero.
2:37 of 2nd period - Stopped by Anthony Stolarz with a rebound.
2:39 of 2nd period - Wrist shot by Dillon Heatherington.
2:39 of 2nd period - Shot Misses the Net.
2:41 of 2nd period - Slapshot by Dillon Heatherington.
2:41 of 2nd period - Deflect By Taro Hirose.
2:41 of 2nd period - Shot Misses the Net.
2:41 of 2nd period - Puck is out of play.
2:42 of 2nd period - Glenn Gawdin wins face-off versus Aleksi Saarela in Chicoutimi Sagueneens zone.
3:07 of 2nd period - Glenn Gawdin is hit by Libor Hajek and loses puck.
3:22 of 2nd period - Slapshot by Glenn Gawdin.
3:22 of 2nd period - Stopped by Anthony Stolarz with a rebound.
3:24 of 2nd period - Snap shot by Nikita Soshnikov.
3:24 of 2nd period - Stopped by Anthony Stolarz with a rebound.
3:26 of 2nd period - Wrist shot by Glenn Gawdin.
3:26 of 2nd period - Shot Misses the Net.
3:55 of 2nd period - Snap shot by Zac Rinaldo.
3:55 of 2nd period - Shot Misses the Net.
3:57 of 2nd period - Slapshot by Zac Rinaldo.
3:57 of 2nd period - Shot Misses the Net.
3:59 of 2nd period - Wrist shot by Zac Rinaldo.
3:59 of 2nd period - Stopped by Anthony Stolarz with a rebound.
4:01 of 2nd period - Wrist shot by Glenn Gawdin.
4:01 of 2nd period - Goal by Glenn Gawdin - Chicoutimi Sagueneens : 2 - Las Vegas Wranglers : 2.
4:02 of 2nd period - Tanner Kero wins face-off versus Aleksi Saarela in neutral zone.
4:15 of 2nd period - Wrist shot by Scott Wilson.
4:15 of 2nd period - Deflect By Miikka Salomaki.
4:15 of 2nd period - Shot Misses the Net.
4:15 of 2nd period - Puck is out of play.
4:16 of 2nd period - Aleksi Saarela wins face-off versus Tanner Kero in Las Vegas Wranglers zone.
5:40 of 2nd period - Slapshot by Spencer Foo.
5:40 of 2nd period - Stopped by Mikhail Berdin with a rebound.
5:42 of 2nd period - Wrist shot by Scott Wilson.
5:42 of 2nd period - Stopped by Mikhail Berdin with a rebound.
5:44 of 2nd period - Wrist shot by Scott Wilson.
5:44 of 2nd period - Stopped by Mikhail Berdin with a rebound.
6:27 of 2nd period - Snap shot by Taro Hirose.
6:27 of 2nd period - Stopped by Anthony Stolarz with a rebound.
6:35 of 2nd period - Snap shot by Tanner Kero.
6:35 of 2nd period - Shot Blocked by Scott Wilson.
6:51 of 2nd period - Snap shot by Taro Hirose.
6:51 of 2nd period - Stopped by Anthony Stolarz with a rebound.
6:53 of 2nd period - Slapshot by Chris Casto.
6:53 of 2nd period - Shot Blocked by Aleksi Saarela.
6:55 of 2nd period - Snap shot by Tanner Kero.
6:55 of 2nd period - Shot Misses the Net.
7:03 of 2nd period - Snap shot by Tanner Kero.
7:03 of 2nd period - Stopped by Anthony Stolarz without a rebound.
7:04 of 2nd period - Spencer Foo wins face-off versus Zack MacEwen in Chicoutimi Sagueneens zone.
7:11 of 2nd period - Snap shot by Spencer Foo.
7:11 of 2nd period - Goal by Spencer Foo - Chicoutimi Sagueneens : 3 - Las Vegas Wranglers : 2.
7:12 of 2nd period - Zack MacEwen wins face-off versus Dylan Gambrell in neutral zone.
7:45 of 2nd period - Slapshot by Klim Kostin.
7:45 of 2nd period - Stopped by Anthony Stolarz without a rebound.
7:46 of 2nd period - Aleksi Saarela wins face-off versus Zack MacEwen in Chicoutimi Sagueneens zone.
8:53 of 2nd period - Jakub Zboril is hit by Tanner Kero and loses puck.
9:14 of 2nd period - Slapshot by Rocco Grimaldi.
9:14 of 2nd period - Shot Misses the Net.
9:20 of 2nd period - Snap shot by Laurent Dauphin.
9:20 of 2nd period - Shot Blocked by Joel Hanley.
9:22 of 2nd period - Slapshot by Alex Lintuniemi.
9:22 of 2nd period - Stopped by Mikhail Berdin with a rebound.
9:32 of 2nd period - Joel Hanley is hit by Mike Vecchione and loses puck.
10:27 of 2nd period - Zac Rinaldo is hit by Jeff Taylor.
11:31 of 2nd period - Wrist shot by Spencer Foo.
11:31 of 2nd period - Shot Blocked by Glenn Gawdin.
11:33 of 2nd period - Snap shot by Mike Vecchione.
11:33 of 2nd period - Stopped by Mikhail Berdin with a rebound.
11:35 of 2nd period - Slapshot by Jakub Zboril.
11:35 of 2nd period - Stopped by Mikhail Berdin with a rebound.
12:26 of 2nd period - Minor Penalty to Mike Vecchione for High sticking.
12:27 of 2nd period - Aleksi Saarela wins face-off versus Zack MacEwen in Chicoutimi Sagueneens zone.
12:41 of 2nd period - Wrist shot by Drew Stafford.
12:41 of 2nd period - Stopped by Anthony Stolarz without a rebound.
12:42 of 2nd period - Zack MacEwen wins face-off versus Aleksi Saarela in Chicoutimi Sagueneens zone.
13:15 of 2nd period - Snap shot by Taro Hirose.
13:15 of 2nd period - Stopped by Anthony Stolarz without a rebound.
13:16 of 2nd period - Tanner Kero wins face-off versus Aleksi Saarela in Chicoutimi Sagueneens zone.
13:43 of 2nd period - Backhand shot by Tage Thompson.
13:43 of 2nd period - Shot Misses the Net.
13:50 of 2nd period - Icing by Zack MacEwen.
13:51 of 2nd period - Dylan Gambrell wins face-off versus Zack MacEwen in Las Vegas Wranglers zone.
14:08 of 2nd period - Snap shot by Dylan Gambrell.
14:08 of 2nd period - Shot Misses the Net.
14:18 of 2nd period - Slapshot by Zack MacEwen.
14:18 of 2nd period - Shot Misses the Net.
14:20 of 2nd period - Slapshot by Chris Casto.
14:20 of 2nd period - Stopped by Anthony Stolarz with a rebound.
14:22 of 2nd period - Snap shot by Zack MacEwen.
14:22 of 2nd period - Shot Misses the Net.
14:26 of 2nd period - Penalty to Mike Vecchione is over, Mike Vecchione is back on ice.
14:38 of 2nd period - Wrist shot by Zack MacEwen.
14:38 of 2nd period - Shot Misses the Net.
14:40 of 2nd period - Slapshot by Chris Casto.
14:40 of 2nd period - Shot Misses the Net.
14:42 of 2nd period - Wrist shot by Tage Thompson.
14:42 of 2nd period - Shot Blocked by Dylan Gambrell.
14:48 of 2nd period - Wrist shot by Drew Stafford.
14:48 of 2nd period - Shot Blocked by Alex Lintuniemi.
14:50 of 2nd period - Slapshot by Joel Hanley.
14:50 of 2nd period - Shot Blocked by Jakub Zboril.
14:52 of 2nd period - Wrist shot by Drew Stafford.
14:52 of 2nd period - Shot Misses the Net.
14:54 of 2nd period - Slapshot by Drew Stafford.
14:54 of 2nd period - Stopped by Anthony Stolarz with a rebound.
15:00 of 2nd period - Wrist shot by Zack MacEwen.
15:00 of 2nd period - Stopped by Anthony Stolarz with a rebound.
15:02 of 2nd period - Snap shot by Tage Thompson.
15:02 of 2nd period - Stopped by Anthony Stolarz with a rebound.
15:04 of 2nd period - Slapshot by Chris Casto.
15:04 of 2nd period - Shot Blocked by Alex Lintuniemi.
15:18 of 2nd period - Wrist shot by Miikka Salomaki.
15:18 of 2nd period - Stopped by Mikhail Berdin with a rebound.
15:34 of 2nd period - Backhand shot by Zack MacEwen.
15:34 of 2nd period - Deflect By Drew Stafford.
15:34 of 2nd period - Stopped by Anthony Stolarz without a rebound.
15:35 of 2nd period - Maxim Letunov wins face-off versus Tanner Kero in Chicoutimi Sagueneens zone.
16:08 of 2nd period - Jacob Nilsson is hit by Glenn Gawdin and loses puck.
19:04 of 2nd period - Dillon Heatherington is hit by Mike Vecchione and loses puck.
Goals for this period are 2 for Chicoutimi Sagueneens vs 1 for Las Vegas Wranglers.
Shots for this period are 10 for Chicoutimi Sagueneens vs 17 for Las Vegas Wranglers.

3rd period


0:01 of 3rd period - Drew Stafford wins face-off versus Aleksi Saarela in neutral zone.
0:53 of 3rd period - Glenn Gawdin is hit by Josh Jooris and loses puck.
1:35 of 3rd period - Wrist shot by Klim Kostin.
1:35 of 3rd period - Shot Misses the Net.
1:37 of 3rd period - Slapshot by Peter Stoykewych.
1:37 of 3rd period - Shot Misses the Net.
1:39 of 3rd period - Snap shot by Vladislav Kamenev.
1:39 of 3rd period - Stopped by Anthony Stolarz without a rebound.
1:40 of 3rd period - Tanner Kero wins face-off versus Miikka Salomaki in Chicoutimi Sagueneens zone.
1:49 of 3rd period - Tanner Kero is hit by Miikka Salomaki and loses puck.
2:01 of 3rd period - Icing by Jimmy Hayes.
2:02 of 3rd period - Dylan Gambrell wins face-off versus Zack MacEwen in Las Vegas Wranglers zone.
2:17 of 3rd period - Snap shot by Spencer Foo.
2:17 of 3rd period - Shot Blocked by Tage Thompson.
3:11 of 3rd period - Wrist shot by Dylan Gambrell.
3:11 of 3rd period - Shot Misses the Net.
3:13 of 3rd period - Wrist shot by Spencer Foo.
3:13 of 3rd period - Shot Misses the Net.
3:31 of 3rd period - Snap shot by Drew Stafford.
3:31 of 3rd period - Shot Misses the Net.
3:33 of 3rd period - Slapshot by Chris Casto.
3:33 of 3rd period - Shot Misses the Net.
3:35 of 3rd period - Snap shot by Tage Thompson.
3:35 of 3rd period - Stopped by Anthony Stolarz with a rebound.
3:48 of 3rd period - Jakub Zboril is hit by Jimmy Hayes and loses puck.
4:27 of 3rd period - Snap shot by Vladislav Kamenev.
4:27 of 3rd period - Stopped by Anthony Stolarz without a rebound.
4:28 of 3rd period - Aleksi Saarela wins face-off versus Vladislav Kamenev in Chicoutimi Sagueneens zone.
4:49 of 3rd period - Slapshot by Miikka Salomaki.
4:49 of 3rd period - Stopped by Mikhail Berdin with a rebound.
4:51 of 3rd period - Slapshot by Libor Hajek.
4:51 of 3rd period - Stopped by Mikhail Berdin without a rebound.
4:52 of 3rd period - Dylan Gambrell wins face-off versus Zack MacEwen in Las Vegas Wranglers zone.
4:53 of 3rd period - Wrist shot by Mike Vecchione.
4:53 of 3rd period - Stopped by Mikhail Berdin with a rebound.
5:17 of 3rd period - Paul Ladue is hit by Jeff Taylor and loses puck.
5:22 of 3rd period - Snap shot by Laurent Dauphin.
5:22 of 3rd period - Shot Misses the Net.
5:24 of 3rd period - Slapshot by Josh Jooris.
5:24 of 3rd period - Shot Misses the Net.
5:26 of 3rd period - Snap shot by Laurent Dauphin.
5:26 of 3rd period - Stopped by Mikhail Berdin with a rebound.
5:28 of 3rd period - Slapshot by Libor Hajek.
5:28 of 3rd period - Shot Blocked by Dillon Heatherington.
5:30 of 3rd period - Wrist shot by Jacob Nilsson.
5:30 of 3rd period - Stopped by Mikhail Berdin without a rebound.
5:31 of 3rd period - Zack MacEwen wins face-off versus Aleksi Saarela in Las Vegas Wranglers zone.
5:31 of 3rd period - Zack MacEwen is hit by Jakub Zboril.
5:42 of 3rd period - Tage Thompson is hit by Jakub Zboril and loses puck.
6:02 of 3rd period - Rocco Grimaldi is hit by Tage Thompson and loses puck.
6:29 of 3rd period - Drew Stafford is hit by Spencer Foo and loses puck.
8:29 of 3rd period - Chris Casto is hit by Corey Tropp and loses puck.
8:41 of 3rd period - Minor Penalty to Mike Vecchione for Hooking.
8:42 of 3rd period - Aleksi Saarela wins face-off versus Zack MacEwen in Chicoutimi Sagueneens zone.
9:18 of 3rd period - Snap shot by Taro Hirose.
9:18 of 3rd period - Goal by Taro Hirose - Chicoutimi Sagueneens : 3 - Las Vegas Wranglers : 3.
9:19 of 3rd period - Dylan Gambrell wins face-off versus Zack MacEwen in neutral zone.
9:30 of 3rd period - Wrist shot by Drew Stafford.
9:30 of 3rd period - Stopped by Anthony Stolarz with a rebound.
9:32 of 3rd period - Slapshot by Zack MacEwen.
9:32 of 3rd period - Shot Blocked by Alex Lintuniemi.
9:34 of 3rd period - Slapshot by Paul Ladue.
9:34 of 3rd period - Deflect By Tage Thompson.
9:34 of 3rd period - Shot Misses the Net.
9:34 of 3rd period - Puck is out of play.
9:35 of 3rd period - Aleksi Saarela wins face-off versus Tanner Kero in Chicoutimi Sagueneens zone.
9:35 of 3rd period - Aleksi Saarela is hit by Dillon Heatherington.
9:41 of 3rd period - Taro Hirose is hit by Miikka Salomaki and loses puck.
10:26 of 3rd period - Slapshot by Jakub Zboril.
10:26 of 3rd period - Shot Blocked by Joel Hanley.
10:32 of 3rd period - Aleksi Saarela is hit by Nikita Soshnikov and loses puck.
11:25 of 3rd period - Miikka Salomaki is hit by Dillon Heatherington and loses puck.
11:54 of 3rd period - Wrist shot by Dylan Gambrell.
11:54 of 3rd period - Shot Misses the Net.
11:56 of 3rd period - Slapshot by Jacob Nilsson.
11:56 of 3rd period - Stopped by Mikhail Berdin with a rebound.
12:10 of 3rd period - Glenn Gawdin is hit by Laurent Dauphin and loses puck.
12:22 of 3rd period - Off-side.
12:23 of 3rd period - Aleksi Saarela wins face-off versus Zack MacEwen in neutral zone.
13:04 of 3rd period - Justin Auger is hit by Libor Hajek and loses puck.
13:06 of 3rd period - Justin Auger beats up Jeff Taylor.
13:06 of 3rd period - Penalty to Justin Auger for Fighting.
13:06 of 3rd period - Penalty to Jeff Taylor for Fighting.
13:07 of 3rd period - Zack MacEwen wins face-off versus Aleksi Saarela in Las Vegas Wranglers zone.
13:07 of 3rd period - Zack MacEwen is hit by Aleksi Saarela.
13:10 of 3rd period - Drew Stafford is hit by Miikka Salomaki.
13:32 of 3rd period - Dylan Gambrell is hit by Dillon Heatherington and loses puck.
13:39 of 3rd period - Snap shot by Spencer Foo.
13:39 of 3rd period - Stopped by Mikhail Berdin without a rebound.
13:40 of 3rd period - Aleksi Saarela wins face-off versus Tanner Kero in Las Vegas Wranglers zone.
13:43 of 3rd period - Snap shot by Miikka Salomaki.
13:43 of 3rd period - Stopped by Mikhail Berdin with a rebound.
13:53 of 3rd period - Icing by Scott Wilson.
13:54 of 3rd period - Zack MacEwen wins face-off versus Aleksi Saarela in Chicoutimi Sagueneens zone.
15:14 of 3rd period - Minor Penalty to Dillon Heatherington for Holding.
15:15 of 3rd period - Drew Stafford wins face-off versus Aleksi Saarela in Las Vegas Wranglers zone.
15:26 of 3rd period - Snap shot by Miikka Salomaki.
15:26 of 3rd period - Stopped by Mikhail Berdin with a rebound.
15:52 of 3rd period - Alex Lintuniemi is hit by Tanner Kero and loses puck.
17:14 of 3rd period - Penalty to Dillon Heatherington is over, Dillon Heatherington is back on ice.
17:18 of 3rd period - Wrist shot by Laurent Dauphin.
17:18 of 3rd period - Stopped by Mikhail Berdin with a rebound.
17:20 of 3rd period - Snap shot by Laurent Dauphin.
17:20 of 3rd period - Shot Misses the Net.
17:22 of 3rd period - Slapshot by Libor Hajek.
17:22 of 3rd period - Shot Misses the Net.
18:55 of 3rd period - Jeff Taylor is hit by Zack MacEwen.
19:34 of 3rd period - Paul Ladue is hit by Jonathan Racine and loses puck.
Goals for this period are 0 for Chicoutimi Sagueneens vs 1 for Las Vegas Wranglers.
Shots for this period are 10 for Chicoutimi Sagueneens vs 5 for Las Vegas Wranglers.

Overtime #1


0:01 of 1st overtime period - Drew Stafford wins face-off versus Aleksi Saarela in neutral zone.
0:55 of 1st overtime period - Backhand shot by Miikka Salomaki.
0:55 of 1st overtime period - Stopped by Mikhail Berdin without a rebound.
0:56 of 1st overtime period - Aleksi Saarela wins face-off versus Drew Stafford in Las Vegas Wranglers zone.
1:55 of 1st overtime period - Off-side.
1:56 of 1st overtime period - Glenn Gawdin wins face-off versus Dylan Gambrell in neutral zone.
2:21 of 1st overtime period - Drew Stafford is hit by Libor Hajek and loses puck.
2:42 of 1st overtime period - Snap shot by Tanner Kero.
2:42 of 1st overtime period - Stopped by Anthony Stolarz with a rebound.
2:45 of 1st overtime period - Icing by Jakub Zboril.
2:46 of 1st overtime period - Aleksi Saarela wins face-off versus Drew Stafford in Chicoutimi Sagueneens zone.
3:42 of 1st overtime period - Nikita Soshnikov is hit by Libor Hajek and loses puck.
4:05 of 1st overtime period - Vladislav Kamenev is hit by Dylan Gambrell and loses puck.
4:12 of 1st overtime period - Zack MacEwen is hit by Dylan Gambrell and loses puck.
4:28 of 1st overtime period - Clark Bishop is hit by Chris Casto and loses puck.
4:47 of 1st overtime period - Jakub Zboril is hit by Zack MacEwen.
4:51 of 1st overtime period - Joel Hanley is hit by Clark Bishop and loses puck.
4:56 of 1st overtime period - Slapshot by Rocco Grimaldi.
4:56 of 1st overtime period - Goal by Rocco Grimaldi - Chicoutimi Sagueneens : 4 - Las Vegas Wranglers : 3.
Goals for this period are 1 for Chicoutimi Sagueneens vs 0 for Las Vegas Wranglers.
Shots for this period are 2 for Chicoutimi Sagueneens vs 1 for Las Vegas Wranglers. Output by the SimonT Hockey Simulator (STHS) for Eric Tremblay - Original Page W3C HTML5 Valid
Hockey Simulator - Hockey Simulation - Hockey Manager